 Dungeon Crawl Stone Soup version 0.22-a0-352-gc608dd7 (webtiles) character file.

1782 vishdafish the Poker (level 9, 0/63 HPs)
             Began as an Octopode Berserker on Apr 14, 2018.
             Was an Elder of Trog.
             Shot with an arrow by a centaur (16 damage)
             ... on level 7 of the Dungeon.
             The game lasted 00:08:27 (5846 turns).

vishdafish the Poker (Octopode Berserker)           Turns: 5846, Time: 00:08:27

Health: 0/63       AC:  1    Str: 16    XL:     9   Next: 8%
Magic:  9/9        EV: 16    Int: 12    God:    Trog [****..]
Gold:   437        SH:  5    Dex: 12    Spells: 8/8 levels left

rFire    . . .     SeeInvis .   a - +0 spear
rCold    . . .     Gourm    +   i - +0 buckler (curse)
rNeg     + . .     Faith    .   (helmet restricted)
rPois    .         Spirit   .   t - amulet of the gourmand
rElec    .         Reflect  .   m - ring of positive energy
rCorr    .         Harm     .   (no ring)
MR       .....                  (no ring)
Stlth    +++.......             (no ring)
HPRegen  0.20/turn              (no ring)
MPRegen  0.11/turn              (no ring)
                                (no ring)
                                (no ring)

@: no status effects
A: almost no armour, stealthy swim, amphibious, 8 rings, constrict 8, camouflage
1, gelatinous body 1
a: Berserk, Trog's Hand, Brothers in Arms, Renounce Religion


You were on level 7 of the Dungeon.
You worshipped Trog.
Trog was greatly pleased with you.
You were hungry.

You visited 1 branch of the dungeon, and saw 7 of its levels.

You collected 437 gold pieces.

Inventory:

Hand Weapons
 a - a +0 spear (weapon)
 r - the +5 war axe of the Two Names {venom, -Tele rC+ MR+}
   (You found it on level 6 of the Dungeon)

   It poisons the flesh of those it strikes.
   It protects you from cold.
   It affects your resistance to hostile enchantments.
   It prevents most forms of teleportation.
Armour
 i - a cursed +0 buckler (worn)
Jewellery
 m - a ring of positive energy (left tentacle)
 t - an amulet of the gourmand (around mantle)
Wands
 n - a wand of digging (34)
Scrolls
 d - 2 scrolls of remove curse
 e - a scroll of fog {unknown}
 f - 5 scrolls of teleportation
 g - 3 scrolls of magic mapping
 k - a scroll of amnesia {unknown}
 l - a scroll of enchant armour {unknown}
 u - a scroll of blinking {unknown}
Potions
 c - a potion of curing
 h - a potion of invisibility {unknown}
 j - 2 potions of heal wounds
 o - a potion of haste
 p - a potion of resistance {unknown}
 q - a potion of brilliance {unknown}
 s - a potion of degeneration {unknown}
Comestibles
 b - 8 rations


   Skills:
 + Level 6.3 Fighting
 + Level 6.5 Polearms
 + Level 6.4 Dodging
 - Level 2.5 Stealth
 + Level 5.1 Shields


You had 8 spell levels left.
You didn't know any spells.

Dungeon Overview and Level Annotations

Branches:
Dungeon (7/15)             Temple (0/1) D:5

Altars:
Fedhas
Gozag
Kikubaaqudgha
Ru
Sif Muna
Wu Jian
Yredelemnul
Zin
The Shining One


Innate Abilities, Weirdness & Mutations

You cannot wear most types of armour.
You are very stealthy in the water. (Stealth+)
You are amphibious.
You can wear up to eight rings at the same time.
You can use your tentacles to constrict eight enemies at once.
Your skin changes colour to match your surroundings (Stealth+).
Your rubbery body absorbs attacks. (AC +1, EV +1)


Message History

Attack whom?
Press: ? - help, Dir - move target cursor, f/p - centaur
Aim: a centaur, wielding a shortbow (lightly wounded)
You reach to attack!
You hit the centaur.
The centaur is lightly wounded.
The centaur shoots an arrow.
The arrow hits you!
The centaur shoots an arrow.
The arrow hits you!
You are too injured to fight recklessly!
You are too injured to fight recklessly!
The centaur shoots an arrow.
You block the arrow.
You see here an arrow.
The centaur shoots an arrow.
The arrow hits you!
* * * LOW HITPOINT WARNING * * *
You see here an arrow.
You start resting.
You start resting.
You start resting.
The centaur wields an uncursed shortbow.
The centaur shoots an arrow.
The arrow hits you!
You die...

.........<.......
###....##+######
#....#........
#....'........
#....#.##..##
#....##.#######+##
#....#...........#
#....#...........#
#....#...)...@...#
#....#(........(.#
#....#.c##########
##.(#....# #..(PP
#?.PPc...#
#.PP_PP.#.. #.P P.
.. #. PP ##


You could see a centaur.

Vanquished Creatures
  Grinder (D:3)
  The ghost of Calas the Skirmisher, an amateur MiFi (D:3)
  Edmund (D:5)
  2 ice beasts
  2 orc warriors (D:6)
  2 ogres
  A phantom (D:5)
  Blork the orc (D:5)
  2 scorpions
  An oklob sapling (D:5)
  A centaur zombie (D:5)
  An orc priest (D:6)
  A hound (D:5)
  An orc wizard (D:5)
  A bullfrog skeleton (D:6)
  3 iguanas (D:6)
  A worker ant (D:5)
  6 gnolls
  7 adders
  A shadow imp (D:5)
  An adder skeleton (D:5)
  3 worms
  A dart slug (D:1)
  6 leopard geckos
  12 orcs
  4 ball pythons
  6 giant cockroaches
  9 hobgoblins
  9 jackals
  10 kobolds
  3 quokkas
  15 bats
  7 frilled lizards
  11 goblins
  A jackal skeleton (D:5)
  A leopard gecko skeleton (D:5)
  2 quokka skeletons (D:5)
  10 rats
  2 plants (D:5)
150 creatures vanquished.

Vanquished Creatures (others)
  A bush (D:7)
1 creature vanquished.

Grand Total: 151 creatures vanquished

Notes
Turn   | Place    | Note
-------+----------+-------------------------------------------
     0 | D:1      | vishdafish the Octopode Berserker began the quest for the Orb.
     0 | D:1      | Reached XP level 1. HP: 16/16 MP: 1/1
    85 | D:1      | Reached XP level 2. HP: 17/21 MP: 2/2
   566 | D:1      | Reached ** piety under Trog
   566 | D:1      | Reached XP level 3. HP: 22/26 MP: 3/3
   593 | D:1      | Reached skill level 1 in Stealth
   735 | D:2      | Reached XP level 4. HP: 20/31 MP: 4/4
   799 | D:2      | Found a glowing golden altar of the Shining One.
  1119 | D:2      | Reached *** piety under Trog
  1335 | D:3      | Found a basalt altar of Yredelemnul.
  1400 | D:3      | Reached XP level 5. HP: 36/36 MP: 5/5
  1404 | D:3      | Reached skill level 1 in Shields
  1602 | D:3      | Noticed Grinder
  1612 | D:3      | HP: 1/55 [Grinder (5)]
  1613 | D:3      | Killed Grinder
  1613 | D:3      | Reached XP level 6. HP: 2/43 MP: 6/6
  1872 | D:3      | Noticed Calas's ghost (amateur MiFi)
  1893 | D:3      | Killed Calas's ghost
  1893 | D:3      | Reached XP level 7. HP: 49/49 MP: 7/7
  1939 | D:3      | Reached **** piety under Trog
  1987 | D:3      | Found a glowing silver altar of Zin.
  2669 | D:4      | Reached skill level 5 in Polearms
  2966 | D:5      | Entered Level 5 of the Dungeon
  2966 | D:5      | Noticed Blork the orc
  2972 | D:5      | Killed Blork the orc
  3009 | D:5      | Reached skill level 5 in Dodging
  3087 | D:5      | Reached skill level 5 in Fighting
  3098 | D:5      | Reached XP level 8. HP: 24/55 MP: 8/8
  3753 | D:5      | Noticed Edmund
  3762 | D:5      | Killed Edmund
  3814 | D:5      | Found a deep blue altar of Sif Muna.
  3820 | D:5      | Found a sacrificial altar of Ru.
  4029 | D:5      | Found an ornate altar of the Wu Jian Council.
  4047 | D:5      | Found a staircase to the Ecumenical Temple.
  4338 | D:5      | Found an ancient bone altar of Kikubaaqudgha.
  4854 | D:6      | Reached skill level 5 in Shields
  4854 | D:6      | Reached XP level 9. HP: 40/62 MP: 9/9
  5033 | D:6      | Got a brightly glowing war axe
  5034 | D:6      | Identified the +5 war axe of the Two Names {venom, -Tele rC+ MR+} (You found it on level 6 of the Dungeon)
  5428 | D:6      | Found an opulent altar of Gozag.
  5648 | D:7      | Found a blossoming altar of Fedhas.
  5846 | D:7      | Shot with an arrow by a centaur

Vault maps used:
D:1:      dpeg_arrival_three_same_balls
D:2:      cheibrodos_greedy_goblins, tso_altar, first_ration
D:3:      yredelemnul_altar_generic, zin_academy, uniq_grinder
D:5:      grunt_temple_overflow_diamond, minmay_temple_entry_oklob, basic_altar,
          uniq_blork_the_orc, uniq_edmund
D:6:      kennysheep_mini, hangedman_abyss_or_decor_slice
D:7:      fedhas_bush_and_centaur_altar, okawaru_humans,
          overflow_temple_1_default

Skill      XL: |  1  2  3  4  5  6  7  8 |
---------------+-------------------------+-----
Stealth        | 2 |  2.5
Polearms       | 4 5 6 |  6.5
Shields        | 2 3 5 |  5.1
Fighting       | 4 5 6 |  6.3
Dodging        | 4 5 6 |  6.4

Action                   |  1- 3 |  4- 6 |  7- 9 || total
-------------------------+-------+-------+-------++-------
Melee: Spear             |    89 |   121 |   217 ||   427
       Constrict         |    19 |    25 |    31 ||    75
       Tentacles         |    13 |    21 |    45 ||    79
       War axe           |       |       |    15 ||    15
Invok: Berserk           |     1 |     6 |     9 ||    16
  Use: Scroll            |       |       |     6 ||     6
 Stab: Sleeping          |    12 |     9 |     7 ||    28
  Eat: Chunk             |       |     8 |    15 ||    23
       Ration            |       |       |     2 ||     2
Armor: Skin              |     3 |     7 |     3 ||    13
Dodge: Dodged            |    32 |    61 |    64 ||   157
Block: Buckler           |       |       |    11 ||    11

Table legend:
 A = Spawn XP
 B = Non-spawn XP
 C = Spawn XP percentage of total XP
 D = Spawn monster count
 E = Non-spawn monster count
 F = Spawn count percentage of total count
 G = Total turns spent on level
                    A         B        C        D         E        F      G
               +---------+---------+-------+---------+---------+-------+---------
         Total |       0 |    2546 |   0.0 |       0 |     148 |   0.0 |  5846
               +---------+---------+-------+---------+---------+-------+---------
           D:1 |       0 |      44 |   0.0 |       0 |      26 |   0.0 |   639
           D:2 |       0 |     110 |   0.0 |       0 |      42 |   0.0 |   696
           D:3 |       0 |     562 |   0.0 |       0 |      26 |   0.0 |   794
           D:4 |       0 |     144 |   0.0 |       0 |      12 |   0.0 |   837
           D:5 |       0 |     968 |   0.0 |       0 |      24 |   0.0 |  1568
           D:6 |       0 |     715 |   0.0 |       0 |      17 |   0.0 |  1098
           D:7 |       0 |       3 |   0.0 |       0 |       1 |   0.0 |   214
               +---------+---------+-------+---------+---------+-------+---------
